 Seeded DCSS version 0.27-a0-1217-g8a41f320e8 (webtiles) character file.

Game seed: 127 (custom seed)

7 Snicker the Sneak (level 1, -2/9 HPs)
             Began as a Spriggan Enchanter on June 6, 2021.
             Slain by a jackal (3 damage)
             ... on level 1 of the Dungeon.
             The game lasted 00:00:49 (643 turns).

Snicker the Sneak (Spriggan Enchanter)               Turns: 643, Time: 00:00:49

Health: -2/9       AC:  2    Str:  4    XL:     1   Next: 91%
Magic:  5/5        EV: 17    Int: 16    God:
Gold:   16         SH:  0    Dex: 15    Spells: 4/5 levels left

rFire    . . .     SeeInvis +   a - +1 dagger
rCold    . . .     Faith    .   (shield restricted)
rNeg     . . .     Spirit   .   b - +0 robe
rPois    .         Reflect  .   (helmet restricted)
rElec    .         Harm     .   (no cloak)
rCorr    .         Rampage  .   (gloves unavailable)
Will     .....                  (boots unavailable)
Stlth    +++.......             (no amulet)
HPRegen  0.03/turn              (no ring)
MPRegen  0.09/turn              (no ring)

@: very quick
A: very small, no large weapons, unfitting armour, see invisible, speed 3
a: no special abilities


You were on level 1 of the Dungeon.
You visited 1 branch of the dungeon, and saw 1 of its levels.

You collected 16 gold pieces.

Inventory:

Hand Weapons
 a - a +1 dagger (weapon)
Armour
 b - a +0 robe (worn)


   Skills:
 * Level 1.3 Short Blades
 - Level 2.6 Dodging
 * Level 5.1 Stealth
 - Level 2.6 Spellcasting
 - Level 3.6 Hexes


You had 4 spell levels left.
You knew the following spells:

 Your Spells              Type           Power      Damage    Failure   Level
a - Corona                Hex            14%        N/A       4%          1

Your spell library contained the following spells:

 Spells                   Type           Power      Damage    Failure   Level
 Confusing Touch          Hex            13%        N/A       13%         3
 Tukima's Dance           Hex            13%        N/A       13%         3
 Ensorcelled Hibernation  Hex/Ice        14%        N/A       14%         2
 Dazzling Flash           Conj/Hex       14%        N/A       28%         3


Dungeon Overview and Level Annotations

Branches:
Dungeon (1/15)

Altars:


Innate Abilities, Weirdness & Mutations

You are very small and have problems with some larger weapons.
You are too small for most types of armour.
You have supernaturally acute eyesight. (SInv)
You cover ground extremely quickly. (Speed+++)


Message History

The jackal is moderately wounded.
The jackal barely misses you.
You completely miss the jackal.
The jackal is moderately wounded.
The jackal misses you.
You hit the jackal but do no damage.
The jackal is moderately wounded.
The jackal barely misses you.
You closely miss the jackal.
The jackal is moderately wounded.
The jackal bites you. The jackal misses you.
You barely miss the jackal.
The jackal is moderately wounded.
The jackal bites you.
You hit the jackal.
The jackal is heavily wounded.
The jackal misses you.
You hit the jackal but do no damage.
The jackal is heavily wounded.
The jackal closely misses you. The jackal misses you.
You hit the jackal.
The jackal is heavily wounded.
The jackal bites you.
You hit the jackal but do no damage.
The jackal is heavily wounded.
The jackal misses you.
The jackal pauses to sniff the ground.
You hit the jackal.
You kill the jackal!
You closely miss the jackal. The jackal closely misses you.
The jackal bites you.
* * * LOW HITPOINT WARNING * * *
You closely miss the jackal.
The jackal bites you but does no damage.
You barely miss the jackal.
The jackal bites you but does no damage.
The jackal bites you.
* * * LOW HITPOINT WARNING * * *
You barely miss the jackal. The jackal bites you.
You die...

####.#..####.........####....##
.....#.....).........+........#
#....#....##.........####...#.#
#.#######.###.......## #..##.#
#....#....# ##.....## #.###.##.
####h#.#### ##...## #..†.....
#.#.# ##h## #####.### #...# #h#
#.# #.### #@# #.# #.#
##.############.# #.#
##...............# #.#
####.....############ #.#
#.......## #.######.####.##
#........# #)# ########## #.#
#.#


You could see 2 jackals.

Vanquished Creatures
  A hobgoblin (D:1)
  2 jackals (D:1)
  A kobold (D:1)
  2 frilled lizards (D:1)
  A goblin (D:1)
7 creatures vanquished.

Notes
Turn   | Place    | Note
-------+----------+-------------------------------------------
     0 | D:1      | Snicker the Spriggan Enchanter began the quest for the Orb.
     0 | D:1      | Reached XP level 1. HP: 9/9 MP: 5/5
   323 | D:1      | Reached skill level 5 in Stealth
   643 | D:1      | Slain by a jackal

Illustrated notes

Levels and vault maps discovered:
D:1:      wander_arrival_abandoned_jail, layout_loops_corners,
          minmay_pentomino_v2

Skill      XL: |  1 |
---------------+----+-----
Stealth        | 5 |  5.1
Short Blades   | |  1.3
Dodging        | |  2.6
Spellcasting   | |  2.6
Hexes          | |  3.6

Action                   || total
-------------------------++-------
Melee: Dagger            ||    37
 Stab: Sleeping          ||     4
Armor: Robe              ||     3
Dodge: Dodged            ||    23

Table legend: (Time is in decaauts)
 A = Elapsed time spent in this place.
 B = Non-inter-level travel time spent in this place.
 C = Inter-level travel time spent in this place.
 D = Time resting spent in this place.
 E = Time spent auto-exploring this place.
 F = Levels seen in this place.
 G = Mean time per level.
                   A        B        C        D        E       F      G
               +--------+--------+--------+--------+--------+-----+--------+
         Total |    499 |    499 |      0 |    248 |    178 |   1 |  499.0 |
       Dungeon |    499 |    499 |      0 |    248 |    178 |   1 |  499.0 |
               +--------+--------+--------+--------+--------+-----+--------+

Top non-repeatable levels by time:
     D:1: 499 daAuts
